 Dungeon Crawl Stone Soup version 0.30-a0-787-gab5ac29 (webtiles) character file.

Game seed: 10487099758182416513

1278 Zibbo the Chucker (level 8, -2/58 HPs)
             Began as a Human Brigand on Feb 20, 2023.
             Engulfed by a steam dragon's steam (10 damage)
             ... on level 7 of the Dungeon.
             The game lasted 00:27:51 (5936 turns).

Zibbo the Chucker (Human Brigand)                   Turns: 5936, Time: 00:27:53

Health: -2/58      AC:  7    Str: 11    XL:     8   Next: 84%
Magic:  8/8        EV: 15    Int: 12    God:
Gold:   376        SH: 14    Dex: 17    Spells: 4/7 levels left

rFire   . . .      SeeInvis .    q - +2 short sword (freeze)
rCold   . . .      Faith    .    j - +0 tower shield
rNeg    . . .      Spirit   .    b - +0 robe
rPois   .          Reflect  .    (no helmet)
rElec   .          Harm     .    c - +0 cloak
rCorr   .          Rampage  .    (no gloves)
Will    .....                    (no boots)
Stlth   +++                      (no amulet)
HPRegen 0.29/turn                r - +4 ring of protection
MPRegen 0.11/turn                C - +5 ring of evasion

@: no status effects
A: no striking features
a: no special abilities


You were on level 7 of the Dungeon.
You visited 1 branch of the dungeon, and saw 7 of its levels.

You collected 376 gold pieces.

Inventory:

Hand Weapons
 a - a +2 dagger
 e - a +1 trident of holy wrath
 q - a +2 short sword of freezing (weapon)
Missiles
 y - 6 poisoned darts (quivered)
 D - an atropa-tipped dart
Armour
 b - a +0 robe (worn)
 c - a +0 cloak (worn)
 j - a +0 tower shield (worn)
Jewellery
 r - a +4 ring of protection (left hand)
 C - a +5 ring of evasion (right hand)
Wands
 u - a wand of flame (7)
 v - a wand of paralysis (9)
 w - a wand of mindburst (6)
 x - a wand of digging (5)
Scrolls
 d - a scroll of brand weapon {unknown}
 f - 3 scrolls of blinking {unknown}
 g - 2 scrolls of amnesia {unknown}
 h - 3 scrolls of vulnerability {unknown}
 i - 2 scrolls of magic mapping {unknown}
 k - a scroll of fog {unknown}
 n - 4 scrolls of identify {unknown}
 o - 3 scrolls of teleportation {unknown}
 p - a scroll of enchant weapon {unknown}
 A - a scroll of poison {unknown}
 B - a scroll of butterflies {unknown}
 E - a scroll of enchant armour {unknown}
Potions
 l - 2 potions of might {unknown}
 m - 2 potions of brilliance {unknown}
 s - a potion of heal wounds {unknown}
 t - a potion of flight {unknown}
 z - 4 potions of attraction {unknown}


   Skills:
 + Level 3.0 Fighting
 + Level 2.5 Short Blades
 + Level 4.0 Polearms
 + Level 5.7 Throwing
 + Level 3.9 Dodging
 + Level 5.1 Stealth
 + Level 3.7 Shields
 + Level 0.2 Spellcasting
 + Level 0.1 Transmutations
 + Level 1.5 Evocations


You had 4 spell levels left.
You knew the following spells:

 Your Spells              Type           Power      Damage    Failure   Level
a - Beastly Appendage     Tmut           0%         N/A       98%         1
b - Necrotise             Necr           0%         1d4       98%         1
c - Shock                 Conj/Air       0%         1d3       99%         1

Your spell library contained the following spells:

 Spells                   Type           Power      Damage    Failure   Level
 Ensorcelled Hibernation  Hex/Ice        0%         N/A       99%         2
 Passwall                 Tmut/Erth      0%         N/A       99%         2
 Scorch                   Fire           0%         2d5       99%         2
 Sublimation of Blood     Necr           0%         N/A       99%         2
 Wereblood                Tmut           0%         N/A       99%         2
 Spider Form              Tmut/Pois      0%         N/A       100%        3
 Swiftness                Air            0%         N/A       100%        3
 Vampiric Draining        Necr           0%         2d6       100%        3
 Airstrike                Air            0%         2d(0-16)  100%        4
 Flame Wave               Conj/Fire      0%         2d4       100%        4
 Petrify                  Tmut/Erth      0%         N/A       100%        4
 Agony                    Necr           0%         N/A       100%        5
 Irradiate                Conj/Tmut      0%         3d11      100%        5
 Summon Cactus Giant      Summ           0%         N/A       100%        6


Dungeon Overview and Level Annotations

Branches:
Dungeon (7/15)             Temple (0/1) D:7

Altars:
Cheibriados
Fedhas
Qazlal
Yredelemnul
Zin
The Shining One

Annotations:
D:6 1 runed translucent door, Crazy Yiuf


Message History

You throw a poisoned dart.
The poisoned dart hits the steam dragon!
The steam dragon looks even sicker.
You throw a poisoned dart.
The poisoned dart hits the steam dragon!
The steam dragon looks as sick as possible!
The steam dragon is lightly wounded.
You throw a poisoned dart.
The poisoned dart hits the steam dragon.
The steam dragon looks as sick as possible!
The steam dragon is lightly wounded.
The steam dragon breathes steam at you. The ball of steam hits you!
You throw a poisoned dart.
The poisoned dart barely misses the steam dragon.
You are engulfed in a cloud of scalding steam.
The steam dragon breathes steam at you. The ball of steam hits you!
You are engulfed in a cloud of scalding steam.
Things that are here:
a +0 whip; a +0 leather armour; an orc corpse You throw a poisoned dart.
The poisoned dart hits the steam dragon!
The steam dragon looks as sick as possible!
The steam dragon is severely wounded.
You throw a poisoned dart.
The poisoned dart closely misses the steam dragon.
The steam dragon breathes steam at you. The ball of steam hits you!!
* * * LOW HITPOINT WARNING * * *
You hit the steam dragon but do no damage.
The steam dragon is almost dead.
You are engulfed in a cloud of scalding steam.
The steam dragon bites you!
* * * LOW HITPOINT WARNING * * *
The steam dragon closely misses you.
You closely miss the steam dragon.
The steam dragon is almost dead.
You are engulfed in a cloud of scalding steam.
You die...

#..#...
........#
#..#..#
........#
#..#...
(.......#
#######>.#.##
(((.....# ...
...#....#
...(....####.#
#.#..#.##
....(...##...#
##.......#
........##.#
##<......##
..(...((D@.#
#...###.##
..######.###
#.#.###.# #.#
#####.#.....#
#.#
#.....#.#####
#.###.#######
#.....#
#######


You could see a steam dragon (extremely poisoned).

Vanquished Creatures
  2 water moccasins (D:6)
  An ice beast (D:6)
  An ogre (D:4)
  A kobold brigand (D:6)
  2 bullfrogs (D:6)
  3 scorpions
  A centaur zombie (D:5)
  2 hounds
  2 orc priests
  A jelly (D:5)
  3 iguanas
  2 orc wizards
  7 adders
  A shadow imp (D:6)
  2 white imps
  5 ufetubi
  An adder zombie (D:5)
  5 worms
  2 dart slugs (D:3)
  15 orcs
  5 bats
  3 endoplasms
  2 giant cockroaches (D:2)
  5 goblins
  5 hobgoblins
  4 jackals (D:3)
  2 quokkas
  12 ball pythons
  3 frilled lizards
  9 kobolds
  A rat (D:2)
110 creatures vanquished.

Notes
Turn   | Place    | Note
-------+----------+-------------------------------------------
     0 | D:1      | Zibbo the Human Brigand began the quest for the Orb.
     0 | D:1      | Reached XP level 1. HP: 16/16 MP: 1/1
   957 | D:2      | Reached XP level 2. HP: 22/22 MP: 2/2
  1142 | D:2      | Reached XP level 3. HP: 19/27 MP: 3/3
  1458 | D:2      | Learned a level 1 spell: Beastly Appendage
  1460 | D:2      | Learned a level 1 spell: Necrotise
  1779 | D:3      | Reached XP level 4. HP: 33/33 MP: 4/4
  1925 | D:3      | Found a faded altar of an unknown god.
  2051 | D:3      | Reached skill level 1 in Shields
  2051 | D:3      | Reached XP level 5. HP: 38/38 MP: 5/5
  2541 | D:3      | Found a faded altar of an unknown god.
  2545 | D:3      | Found a stormy altar of Qazlal.
  2807 | D:4      | Learned a level 1 spell: Shock
  2978 | D:4      | Found a snail-covered altar of Cheibriados.
  3350 | D:4      | Reached XP level 6. HP: 24/44 MP: 6/6
  3542 | D:4      | Noticed an ogre
  3554 | D:4      | Killed an ogre
  3676 | D:4      | Found a glowing golden altar of the Shining One.
  3902 | D:5      | Entered Level 5 of the Dungeon
  3930 | D:5      | Found a blossoming altar of Fedhas.
  4070 | D:5      | Reached XP level 7. HP: 41/50 MP: 7/7
  4362 | D:5      | Found a basalt altar of Yredelemnul.
  4530 | D:6      | Noticed a water moccasin
  4538 | D:6      | Killed a water moccasin
  4539 | D:6      | Reached skill level 5 in Throwing
  4539 | D:6      | Reached XP level 8. HP: 43/57 MP: 8/8
  4743 | D:6      | Found a glowing silver altar of Zin.
  4901 | D:6      | Reached skill level 5 in Stealth
  4926 | D:6      | Reached skill level 1 in Evocations
  5457 | D:6      | Found a runed translucent door.
  5458 | D:6      | Noticed Crazy Yiuf
  5788 | D:7      | Found a staircase to the Ecumenical Temple.
  5936 | D:7      | Engulfed by a steam dragon's steam

Illustrated notes

Levels and vault maps discovered:
D:1:      dpeg_arrival_windows_large_door, layout_basic
D:2:      layout_basic, minmay_pentomino_o2
D:3:      layout_loops_ring, nicolae_overflow_ecumenical_swirl, serial_glass,
          glass_columns_c, glass_columns_a, nicolae_ecumenical_snake_handling
D:4:      layout_basic, lemuel_round_altar, nicolae_tso_carved_into_rock,
          serial_rivers, chequers_serial_rivers_micro_d,
          chequers_serial_rivers_large_a, chequers_serial_rivers_micro_b,
          chequers_serial_rivers_small_3, chequers_serial_rivers_small_a,
          chequers_serial_rivers_micro_d, grunt_decor_mini_mirrors
D:5:      layout_cave_pools, lemuel_zombie_altar_yredelemnul, fedhas_altar_4
D:6:      nicolae_cairo_tiling_large, layout_basic, lemuel_doored_altar,
          uniq_crazy_yiuf_cottage
D:7:      layout_basic, nicolae_uskayaw_murder_on_the_dancefloor,
          mainiacjoe_overflow_paths, minmay_temple_entry_waves, serial_glass,
          glass_columns_c, glass_columns_a, glass_columns_c, glass_columns_a

Skill      XL: |  1  2  3  4  5  6  7  8 |
---------------+-------------------------+-----
Throwing       | 3 4 5 |  5.7
Shields        | 1 2 3 |  3.7
Polearms       | 2 3 4 |  4.0
Dodging        | 2 3 |  3.9
Stealth        | 5 |  5.1
Evocations     | 1 |  1.5
Fighting       | 3 |  3.0
Short Blades   | |  2.5
Spellcasting   | |  0.2
Transmutations | |  0.1

Action                     |  1- 3 |  4- 6 |  7- 9 || total
---------------------------+-------+-------+-------++-------
  Melee: Dagger            |    62 |    78 |       ||   140
         Trident           |       |    80 |    85 ||   165
         Short sword       |       |       |    22 ||    22
  Throw: Dart              |    72 |   102 |    70 ||   244
  Evoke: Wand              |       |       |    23 ||    23
    Use: Potion            |       |       |     1 ||     1
   Stab: Distracted        |       |     1 |     1 ||     2
         Invisible         |       |       |     1 ||     1
 Armour: Robe              |     5 |    67 |    46 ||   118
  Dodge: Dodged            |    22 |    52 |    32 ||   106
  Block: Tower shield      |    25 |   119 |    78 ||   222

Table legend: (Time is in decaauts)
 A = Elapsed time spent in this place.
 B = Non-inter-level travel time spent in this place.
 C = Inter-level travel time spent in this place.
 D = Time resting spent in this place.
 E = Time spent auto-exploring this place.
 F = Levels seen in this place.
 G = Mean time per level.
                   A        B        C        D        E       F      G
               +--------+--------+--------+--------+--------+-----+--------+
         Total |   6148 |   6073 |     75 |      9 |   4732 |   7 |  878.3 |
       Dungeon |   6148 |   6073 |     75 |      9 |   4732 |   7 |  878.3 |
               +--------+--------+--------+--------+--------+-----+--------+

Top non-repeatable levels by time:
     D:6: 1227 daAuts
     D:4: 1202 daAuts
     D:3: 1187 daAuts
     D:1: 941 daAuts
     D:2: 716 daAuts
     D:5: 611 daAuts
     D:7: 260 daAuts
